 Dungeon Crawl Stone Soup version 0.26.1-2-gb8aa6d0cf2 (webtiles) character file.

Game seed: 17397667888176283943

1308 dohliylev the Cleaver (level 8, -3/62 (71) HPs)
             Began as a Minotaur Berserker on Mar 25, 2021.
             Was a Priest of Trog.
             Slain by a wight
             ... wielding a +2 hand axe
              (6 damage)
             ... on level 6 of the Dungeon.
             The game lasted 00:09:35 (5285 turns).

dohliylev the Cleaver (Minotaur Berserker)          Turns: 5285, Time: 00:09:35

HP:   -3/62 (71)    AC:  4    Str: 24    XL:     8   Next: 32%
MP:   7/7           EV: 13    Int:  4    God:    Trog [***...]
Gold: 250           SH:  3    Dex: 10    Spells: 7/7 levels left

rFire    . . .     SeeInvis .   a - +0 hand axe
rCold    + + .     Faith    .   o - +0 buckler
rNeg     . . .     Spirit   .   i - +1 leather armour {rC+}
rPois    .         Reflect  .   (helmet restricted)
rElec    .         Harm     .   (no cloak)
rCorr    .         Rampage  .   (no gloves)
Will     +++..                  (no boots)
Stlth    +.........             (no amulet)
HPRegen  1.20/turn              m - ring of willpower
MPRegen  0.10/turn              q - ring of protection from cold

@: berserk cooldown, regenerating (expiring), slowed, heavily drained, very slow
A: retaliatory headbutt, horns 2
a: Renounce Religion, Berserk, Trog's Hand


You were on level 6 of the Dungeon.
You worshipped Trog.
Trog was most pleased with you.
You visited 1 branch of the dungeon, and saw 6 of its levels.

You collected 250 gold pieces.

Inventory:

Hand Weapons
 a - a +0 hand axe (weapon)
Armour
 i - a +1 leather armour of cold resistance (worn)
 o - a +0 buckler (worn)
Jewellery
 b - an uncursed ring of fire
 m - a ring of willpower (left hand)
 q - a ring of protection from cold (right hand)
Scrolls
 c - 4 scrolls of remove curse {unknown}
 d - 10 scrolls of identify {unknown}
 f - 3 scrolls of enchant armour {unknown}
 g - 2 scrolls of magic mapping {unknown}
 h - 3 scrolls of enchant weapon {unknown}
 j - a scroll of fear {unknown}
 k - 3 scrolls of amnesia {unknown}
 l - 2 scrolls of teleportation {unknown}
Potions
 e - a potion of experience {unknown}
 n - 2 potions of heal wounds {unknown}
 r - 2 potions of curing {unknown}
 s - a potion of might {unknown}
 t - a potion of lignification {unknown}


   Skills:
 + Level 6.5 Fighting
 + Level 9.9 Axes
 - Level 2.5 Armour
 + Level 5.5 Dodging
 + Level 0.2 Shields


You had 7 spell levels left.
You didn't know any spells.
Your spell library was empty.

Dungeon Overview and Level Annotations

Branches:
Dungeon (6/15)             Temple (0/1) D:6

Altars:
Ashenzari
Cheibriados


Innate Abilities, Weirdness & Mutations

You reflexively headbutt those who attack you in melee.
You have a pair of horns on your head.


Message History

You feel drained.
* * * LOW HITPOINT WARNING * * *
You barely miss the wight.
The wight is severely damaged.
The wight hits you with a +2 hand axe!
* * * LOW HITPOINT WARNING * * *
You feel drained.
* * * LOW HITPOINT WARNING * * *
You barely miss the wight.
The wight is severely damaged.
You slash the jelly!
Your hands burn!
* * * LOW HITPOINT WARNING * * *
The wight hits you with a +2 hand axe.
* * * LOW HITPOINT WARNING * * *
You feel drained.
* * * LOW HITPOINT WARNING * * *
The jelly barely misses you.
Unknown command.
The wight hits you with a +2 hand axe.
You die...

#.....#.#..#.........#
#..#..#....#........## ###
#...##..(.#.........#
##.####......>...........##
##.........#....##........##
##.........#....#..#....##..##
#..........#..#.#.....#####(.#
###.........##...#....# ##..
####.....Jz@.......## ##.
###..############ ## #.## #
#.# #########)##
#......)...### #..?...))....#
#.............#
..............#


You could see a jelly and a wight.

Vanquished Creatures
  A sky beast (D:6)
  An ice beast (D:5)
  An ogre (D:5)
  3 centaurs
  2 bullfrogs (D:6)
  2 scorpions
  3 wights (D:6)
  A bullfrog zombie (D:5)
  A quasit (D:6)
  2 hounds
  A centaur skeleton (D:4)
  A bullfrog skeleton (D:5)
  An iguana (D:6)
  A worker ant (D:6)
  A hound skeleton (D:6)
  3 gnolls (D:3)
  5 adders
  2 shadow imps
  A white imp (D:6)
  An ooze (D:2)
  2 adder skeletons
  An adder zombie (D:6)
  6 worms
  A dart slug (D:1)
  3 leopard geckos
  6 orcs
  8 bats (D:1)
  7 giant cockroaches
  6 goblins
  4 hobgoblins
  2 jackals (D:1)
  7 kobolds
  3 quokkas
  2 ball pythons
  8 frilled lizards
  A leopard gecko skeleton (D:5)
  10 rats
111 creatures vanquished.

Vanquished Creatures (others)
  10 plants (D:3)
10 creatures vanquished.

Grand Total: 121 creatures vanquished

Notes
Turn   | Place    | Note
-------+----------+-------------------------------------------
     0 | D:1      | dohliylev the Minotaur Berserker began the quest for the
                  | Orb.
     0 | D:1      | Reached XP level 1. HP: 19/19 MP: 0/0
   214 | D:1      | Reached skill level 4 in Axes
   214 | D:1      | Reached XP level 2. HP: 21/27 MP: 1/1
   970 | D:2      | Reached ** piety under Trog
   972 | D:2      | Reached XP level 3. HP: 31/33 MP: 2/2
  1883 | D:3      | Reached XP level 4. HP: 41/41 MP: 3/3
  1889 | D:3      | Found a broken altar of Ashenzari.
  2009 | D:3      | Reached skill level 5 in Axes
  2718 | D:4      | Reached XP level 5. HP: 47/47 MP: 4/4
  2913 | D:4      | Reached skill level 6 in Axes
  3116 | D:4      | Reached *** piety under Trog
  3117 | D:4      | Reached skill level 5 in Fighting
  3272 | D:4      | Found a snail-covered altar of Cheibriados.
  3543 | D:5      | Entered Level 5 of the Dungeon
  3543 | D:5      | Noticed a centaur
  3543 | D:5      | Noticed a centaur
  3546 | D:5      | Killed a centaur
  3547 | D:5      | Reached XP level 6. HP: 56/56 MP: 5/5
  3552 | D:5      | Reached skill level 7 in Axes
  3610 | D:5      | Noticed an ice beast
  3620 | D:5      | Killed an ice beast
  3621 | D:5      | Reached skill level 8 in Axes
  3621 | D:5      | Reached XP level 7. HP: 49/61 MP: 6/6
  4710 | D:6      | Reached skill level 9 in Axes
  5022 | D:6      | Reached XP level 8. HP: 33/70 MP: 7/7
  5056 | D:6      | Reached skill level 5 in Dodging
  5217 | D:6      | Found a staircase to the Ecumenical Temple.
  5284 | D:6      | HP: 2/63 [wight/+2 hand axe (4)]
  5285 | D:6      | Slain by a wight

Illustrated notes

Levels and vault maps discovered:
D:1:      onia_arrival_pyramid, layout_loops_ring
D:2:      layout_loops_ring
D:3:      layout_rooms, evilmike_ruin_ashenzari, glass_columns_b,
          chequers_serial_rivers_micro_b, minmay_lizard_king
D:4:      layout_basic, nicolae_overflow_crystal_walls
D:5:      layout_basic
D:6:      layout_cave_pods, minmay_temple_entry_mini_moons, serial_column_ruins,
          column_ruins_square_medium, column_ruins_columns_straight,
          column_ruins_open_tiny, column_ruins_grid_3

Skill      XL: |  1  2  3  4  5  6  7  8 |
---------------+-------------------------+-----
Axes           | 4 5 6 8 9 |  9.9
Fighting       | 4 5 6 |  6.5
Dodging        | 3 4 5 |  5.5
Armour         | |  2.5
Shields        | |  0.2

Action                   |  1- 3 |  4- 6 |  7- 9 || total
-------------------------+-------+-------+-------++-------
Melee: Hand axe          |    91 |    99 |    95 ||   285
       Headbutt          |    15 |    19 |    10 ||    44
Invok: Berserk           |     1 |     2 |     7 ||    10
       Trog's Hand       |       |       |     3 ||     3
Armor: Ring mail         |    25 |       |       ||    25
       Animal skin       |     1 |       |       ||     1
       Leather armour    |     1 |    16 |    16 ||    33
Dodge: Dodged            |    54 |    71 |    49 ||   174
Block: Buckler           |       |       |     5 ||     5
